 Dungeon Crawl Stone Soup version 0.30.1 (webtiles) character file.

Game seed: 7301410711446172346

995 7w4c the Covert (level 7, -8/52 HPs)
             Began as a Vampire Enchanter on July 10, 2023.
             Was a Priest of Dithmenos.
             Mangled by erynZofia's ghost (11 damage)
             ... on level 5 of the Dungeon.
             The game lasted 00:12:56 (3961 turns).

7w4c the Covert (Vampire Enchanter)                 Turns: 3961, Time: 00:12:56

Health: -8/52      AC:  3    Str:  7    XL:     7   Next: 99%
Magic:  10/10      EV: 14    Int: 17    God:    Dithmenos [***...]
Gold:   216        SH:  0    Dex: 20    Spells: 1/10 levels left

rFire   + + .        i - +8 long sword of Ataeg {drain, rF+ Dex+3}
rCold   . . .        (no shield)
rNeg    . . .        b - +1 robe
rPois   .            (no helmet)
rElec   .            (no cloak)
rCorr   +            (no gloves)
SInv    +            (no boots)
Will    .....        (no amulet)
Stlth   ++++++       k - ring of protection from fire
HPRegen 0.48/turn    q - ring of resist corrosion
MPRegen 0.12/turn

%: no passive effects
@: healing quickly, wreathed by umbra
A: alive, fangs 3, see invisible, vampiric 2
a: Exsanguinate, Renounce Religion, Shadow Step


You were on level 5 of the Dungeon.
You worshipped Dithmenos.
Dithmenos was most pleased with you.
You visited 1 branch of the dungeon, and saw 5 of its levels.

You collected 216 gold pieces.

Inventory:

Hand Weapons
 a - a +1 dagger
 i - the +8 long sword of Ataeg (weapon) {drain, rF+ Dex+3}
   (You found it on level 2 of the Dungeon)

   Dex:       It affects your dexterity (+3).
   rF:        It protects you from fire.
Missiles
 u - 2 throwing nets
Armour
 b - a +1 robe (worn)
Jewellery
 k - a ring of protection from fire (left hand)
 q - a ring of resist corrosion (right hand)
 z - a ring of poison resistance
Wands
 v - a wand of roots (14) (quivered)
Scrolls
 e - a scroll of silence
 f - a scroll of vulnerability
 h - a scroll of amnesia
 m - a scroll of poison
 n - a scroll of teleportation {unknown}
 o - 3 scrolls of magic mapping
 s - a scroll of brand weapon {unknown}
 w - 2 scrolls of noise {unknown}
 y - a scroll of enchant weapon {unknown}
 B - 2 scrolls of immolation {unknown}
 C - 2 scrolls of fear {unknown}
 D - a scroll of blinking {unknown}
Potions
 c - 2 potions of invisibility
 d - 2 potions of haste {unknown}
 g - a potion of berserk rage {unknown}
 j - 4 potions of lignification {unknown}
 l - a potion of might {unknown}
 p - a potion of degeneration {unknown}
 r - a potion of ambrosia {unknown}
 t - 2 potions of magic {unknown}
 x - a potion of heal wounds {unknown}
 A - a potion of brilliance {unknown}


   Skills:
 + Level 3.0 Fighting
 + Level 2.3(4.4) Short Blades
 + Level 5.3(5.5) Long Blades
 + Level 4.5 Dodging
 + Level 8.2 Stealth
 + Level 2.0 Spellcasting
 + Level 5.1 Hexes


You had one spell level left.
You knew the following spells:

 Your Spells              Type           Power      Damage    Failure   Level
a - Tukima's Dance        Hex            19%        N/A       7%          3
b - Ensorcelled Hibernat  Hex/Ice        20%        N/A       11%         2
c - Beastly Appendage     Tmut           2%         N/A       19%         1
d - Dazzling Flash        Conj/Hex       20%        N/A       21%         3

Your spell library contained the following spells:

 Spells                   Type           Power      Damage    Failure   Level
 Freeze                   Ice            4%         1d3       19%         1
 Confusing Touch          Hex            19%        N/A       7%          3
 Cigotuvi's Dreadful Rot  Necr/Pois/Air  2%         N/A       28%         2
 Wereblood                Tmut           1%         N/A       28%         2
 Frozen Ramparts          Ice            2%         1d1       50%         3
 Hailstorm                Conj/Ice       1%         3d3       50%         3
 Ignite Poison            Fire/Tmut/Pois 1%         N/A       50%         3
 Spider Form              Tmut/Pois      1%         N/A       50%         3
 Freezing Cloud           Conj/Ice/Air   0%         6-21      99%         5


Dungeon Overview and Level Annotations

Branches:
Dungeon (5/15)
 Temple: D:4-7

Altars:
Ashenzari
Dithmenos
Sif Muna
Yredelemnul

Annotations:
D:5 1 transporter, erynZofia's ghost, novice DrHu


Innate Abilities, Weirdness & Mutations

Your natural rate of healing is accelerated.
You have razor-sharp teeth.
You have supernaturally acute eyesight. (SInv)
You are afflicted with vampirism and can become a bat while bloodless.


Message History

ErynZofia's ghost hits you.
You slash erynZofia's ghost!
ErynZofia's ghost is moderately damaged.
ErynZofia's ghost hits you but does no damage.
You hit erynZofia's ghost. You bite erynZofia's ghost.
ErynZofia's ghost is heavily damaged.
ErynZofia's ghost misses you.
You hit erynZofia's ghost.
ErynZofia's ghost is severely damaged.
ErynZofia's ghost closely misses you.
You barely miss erynZofia's ghost.
ErynZofia's ghost is severely damaged.
ErynZofia's ghost hits you.
You completely miss erynZofia's ghost.
ErynZofia's ghost is severely damaged.
ErynZofia's ghost hits you but does no damage.
ErynZofia's ghost completely misses you.
You barely miss erynZofia's ghost.
ErynZofia's ghost is severely damaged.
ErynZofia's ghost hits you.
* * * LOW HITPOINT WARNING * * *
You barely miss erynZofia's ghost. Your punch misses erynZofia's ghost.
ErynZofia's ghost is severely damaged.
ErynZofia's ghost barely misses you.
You barely miss erynZofia's ghost. Your bite misses erynZofia's ghost.
ErynZofia's ghost is severely damaged.
ErynZofia's ghost hits you.
* * * LOW HITPOINT WARNING * * *
You slash erynZofia's ghost!
ErynZofia's ghost is almost destroyed.
ErynZofia's ghost hits you!
* * * LOW HITPOINT WARNING * * *
You hit erynZofia's ghost but do no damage.
ErynZofia's ghost is almost destroyed.
ErynZofia's ghost hits you.
* * * LOW HITPOINT WARNING * * *
You hit erynZofia's ghost.
ErynZofia's ghost is almost destroyed.
ErynZofia's ghost hits you!
You die...

###..<.>..........#.# #....#
.##....##..#......#.###....#
.##....##..................######
.##.............©.........^.....#
.##...##....#########......####.#
.##...##...##8.....8##.....# #.#
.#######...#.........#..#### #.#
.# #...#.##...##.#..)<.# #.#
.#######...#.##.@W##.#..##.# #.#
###........#....©....#..##)# #.#
#........#.##...##.#..##.# #.#
#........#.##...##.#..##.####.#
#..).....#........©#...........
#....)...##8.$[(.8##..##.###.##
######....#########............
#...)....©..........#.####
#.#..............#..#.# #


You could see erynZofia's ghost.

Vanquished Creatures
  An ogre (D:4)
  2 phantoms (D:5)
  A centaur (D:5)
  A kobold brigand (D:4)
  A scorpion (D:4)
  A crimson imp (D:5)
  2 hounds (D:5)
  An orc priest (D:5)
  Jessica (D:2)
  3 iguanas (D:5)
  An orc wizard (D:4)
  4 gnolls (D:5)
  13 adders
  A shadow imp (D:5)
  5 ufetubi
  2 worms
  2 dart slugs
  11 orcs
  4 bats
  7 endoplasms
  6 giant cockroaches
  6 hobgoblins
  4 quokkas
  9 ball pythons
  11 goblins
  A goblin skeleton (D:5)
  2 goblin zombies (D:5)
  A hobgoblin zombie (D:5)
  8 kobolds
  2 kobold skeletons (D:5)
  3 kobold zombies (D:5)
  An orc zombie (D:5)
  7 rats
125 creatures vanquished.

Notes
Turn   | Place    | Note
-------+----------+-------------------------------------------
     0 | D:1      | 7w4c the Vampire Enchanter began the quest for the Orb.
     0 | D:1      | Reached XP level 1. HP: 13/13 MP: 3/3
   293 | D:1      | Reached XP level 2. HP: 19/19 MP: 5/5
   784 | D:2      | Identified the +8 long sword of Ataeg {drain, rF+ Dex+3}
  1000 | D:2      | Reached skill level 5 in Stealth
  1000 | D:2      | Gained mutation: You are afflicted with vampirism and can
                  | become a bat while bloodless. [Vampire growth]
  1000 | D:2      | Reached XP level 3. HP: 25/25 MP: 6/6
  1068 | D:2      | Noticed Jessica
  1075 | D:2      | Killed Jessica
  1080 | D:2      | Reached skill level 5 in Hexes
  1086 | D:2      | Reached XP level 4. HP: 8/31 MP: 7/7
  1228 | D:2      | Learned a level 3 spell: Tukima's Dance
  1231 | D:2      | Learned a level 2 spell: Ensorcelled Hibernation
  1233 | D:2      | Learned a level 1 spell: Beastly Appendage
  1577 | D:3      | Reached skill level 1 in Long Blades
  1792 | D:3      | Reached skill level 1 in Fighting
  1965 | D:3      | Reached XP level 5. HP: 37/37 MP: 8/8
  2079 | D:3      | Found a faded altar of an unknown god.
  2171 | D:3      | Prayed at the altar of an unknown god.
  2171 | D:3      | Became a worshipper of Dithmenos the Shadowed
  2171 | D:3      | Reached * piety under Dithmenos
  2248 | D:4      | Reached skill level 6 in Stealth
  2252 | D:4      | Found a shimmering blue altar of Sif Muna.
  2417 | D:4      | Reached XP level 6. HP: 38/43 MP: 9/9
  2453 | D:4      | Found a glowing drain.
  2503 | D:4      | Learned a level 3 spell: Dazzling Flash
  2668 | D:4      | Reached ** piety under Dithmenos
  2795 | D:4      | Found a basalt altar of Yredelemnul.
  2808 | D:4      | Reached skill level 7 in Stealth
  2899 | D:4      | Found a broken altar of Ashenzari.
  3091 | D:5      | Entered Level 5 of the Dungeon
  3102 | D:5      | Reached XP level 7. HP: 46/50 MP: 10/10
  3107 | D:5      | Found a transporter.
  3108 | D:5      | Found a transporter.
  3108 | D:5      | Noticed erynZofia's ghost (novice DrHu)
  3379 | D:5      | Reached skill level 5 in Long Blades
  3527 | D:5      | Reached skill level 8 in Stealth
  3537 | D:5      | Reached *** piety under Dithmenos
  3960 | D:5      | HP: 2/52 [erynZofia's ghost (4)]
  3961 | D:5      | Mangled by erynZofia's ghost

Illustrated notes

Levels and vault maps discovered:
D:1:      dpeg_arrival_central, layout_basic, minmay_misc_feat_secret_circle,
          minmay_misc_feat_square
D:2:      layout_basic, kennysheep_generic_room_11, uniq_jessica
D:3:      minmay_general_purpose_star, layout_basic,
          ebering_ecumenical_altar_hall, hex_large
D:4:      layout_cave_pools, kennysheep_mini_moat,
          nicolae_overflow_crystal_walls, nicolae_sif_muna_condensation,
          marbit_many_paths, portal_sewer_entry_f, lexackson_kobold_supper
D:5:      layout_basic, nicolae_tso_besieged_by_evil, gammafunk_ghost_arena

Skill      XL: |  1  2  3  4  5  6  7 |
---------------+----------------------+-----
Stealth        | 5 6 7 8 |  8.2
Dodging        | 3 4 |  4.5
Hexes          | 5 |  5.1
Short Blades   | 2 |  2.3
Long Blades    | 1 2 4 5 |  5.3
Fighting       | 1 2 3 |  3.0
Spellcasting   | |  2.0

Action                     |  1- 3 |  4- 6 |  7- 9 || total
---------------------------+-------+-------+-------++-------
  Melee: Dagger            |    47 |       |       ||    47
         Bite              |     6 |     9 |     5 ||    20
         Punch             |     2 |     2 |       ||     4
         Long sword        |    15 |   117 |    81 ||   213
    Use: Scroll            |     1 |     5 |       ||     6
   Stab: Sleeping          |     4 |    12 |     8 ||    24
 Armour: Robe              |     9 |    27 |    15 ||    51
  Dodge: Dodged            |    59 |   158 |    86 ||   303
